 Dungeon Crawl Stone Soup version 0.31-a0-175-g9f7f995f2b (webtiles) character file.

Game seed: 14746091391264865021

484 runemasterragnar the Trooper (level 6, 0/44 HPs)
             Began as a Demonspawn Fighter on June 16, 2023.
             Was a Believer of Hepliaklqana.
             Succumbed to a water moccasin's poison
             ... on level 5 of the Dungeon.
             The game lasted 00:04:48 (3303 turns).

runemasterragnar the Trooper (Demonspawn Fighter)   Turns: 3303, Time: 00:04:48

Health: 0/44       AC:  9    Str: 15 (17) XL:     6   Next: 88%
Magic:  7/7        EV:  8    Int: 10 (11) God:    Hepliaklqana [**....]
Gold:   254        SH:  5    Dex: 17 (20) Spells: 5/5 levels left

rFire   . . .        a - +0 long sword
rCold   . . .        c - +0 buckler
rNeg    . . .        b - +0 scale mail
rPois   .            t - +0 helmet
rElec   .            (no cloak)
rCorr   .            n - +0 pair of gloves
SInv    .            (no boots)
Will    .....        (no amulet)
Stlth   +            i - +6 ring of dexterity
HPRegen 0.27/turn    (no ring)
MPRegen 0.10/turn

%: no passive effects
@: brilliant, lethally poisoned (0 -> -6), on berserk cooldown, slowed,
invisible, very slow
A: reduced essence, thin skeletal structure 1, ignite blood 1, powered by pain 1
a: Renounce Religion, Recall Ancestor, Ancestor Identity


You were on level 5 of the Dungeon.
You worshipped Hepliaklqana.
Hepliaklqana was pleased with you.
You visited 1 branch of the dungeon, and saw 5 of its levels.

You collected 254 gold pieces.

Inventory:

Hand Weapons
 a - a +0 long sword (weapon)
Missiles
 x - 6 curare-tipped darts
 y - 4 poisoned darts
Armour
 b - a +0 scale mail (worn)
 c - a +0 buckler (worn)
 f - a +0 chain mail
 n - a +0 pair of gloves (worn)
 t - a +0 helmet (worn)
Jewellery
 i - a +6 ring of dexterity (left hand)
Wands
 C - a wand of iceblast (7)
Scrolls
 e - 2 scrolls of vulnerability {unknown}
 j - a scroll of teleportation {unknown}
 k - a scroll of brand weapon {unknown}
 m - 2 scrolls of poison {unknown}
 q - a scroll of immolation {unknown}
 u - 3 scrolls of identify {unknown}
 w - 2 scrolls of fog {unknown}
 z - a scroll of silence {unknown}
 B - a scroll of fear {unknown}
Potions
 d - 2 potions of might
 g - a potion of degeneration
 l - a potion of mutation {unknown}
 o - a potion of invisibility
 p - a potion of ambrosia
 r - a potion of magic {unknown}
 s - a potion of attraction {unknown}
 v - 2 potions of berserk rage
 A - a potion of enlightenment {unknown}


   Skills:
 + Level 4.4 Fighting
 * Level 3.9 Long Blades
 + Level 4.0 Armour
 + Level 4.0 Shields
 + Level 2.4 Invocations


You had 5 spell levels left.
You didn't know any spells.
Your spell library contained the following spells:

 Spells                   Type           Power      Damage    Failure   Level
 Inner Flame              Hex/Fire       0%         N/A       99%         3
 Portal Projectile        Hex/Tloc       0%         N/A       99%         3
 Tukima's Dance           Hex            0%         N/A       99%         3
 Flame Wave               Conj/Fire      0%         2d4       100%        4
 Sticky Flame             Conj/Fire      0%         2d3       100%        4
 Blade Hands              Tmut           0%         N/A       100%        5


Dungeon Overview and Level Annotations

Branches:
Dungeon (5/15)
 Temple: D:4-7

Altars:
Ashenzari
Hepliaklqana
Uskayaw


Innate Abilities, Weirdness & Mutations

Your life essence is reduced to manifest your ancestor. (-10% HP)
You have a somewhat thin skeletal structure. (Dex +2, Stealth+)
Your demonic aura sometimes causes spilled blood to erupt in flames.
You sometimes gain a little power by taking damage.


Message History

Aahotepre closely misses the water moccasin.
It was a potion of berserk rage.
A red film seems to cover your vision as you go berserk!
You feel yourself moving faster!
You feel mighty!
* * * LOW HITPOINT WARNING * * *
You feel very sick. The water moccasin barely misses you.
Aahotepre hits the water moccasin with a +0 quarterstaff.
The water moccasin bites you but does no damage.
You bump into the rock wall.
You feel a strong urge to attack something.
* * * LOW HITPOINT WARNING * * *
You feel very sick.
The water moccasin bites you but does no damage.
Aahotepre misses the water moccasin.
Unknown command.
You slash the water moccasin!
You kill the water moccasin!
* * * LOW HITPOINT WARNING * * *
You feel very sick.
You feel your intelligence returning.
Your Armour skill increases to level 4!
Your Shields skill increases to level 4!
You feel less invigorated.
You feel less confused.
* * * LOW HITPOINT WARNING * * *
You feel sick.
You feel a strong urge to attack something.
* * * LOW HITPOINT WARNING * * *
You feel sick.
* * * LOW HITPOINT WARNING * * *
You feel sick.
You feel your anger nearly subside.
You are no longer berserk.
You are exhausted.
You feel yourself slow down.
* * * LOW HITPOINT WARNING * * *
You feel sick.
It was a potion of brilliance.
You feel clever all of a sudden.
You die...

######## ###
#....R@# ..#
#.####°# #.#
#####.####.#
#.#####.......##.#
#.......###.#.##.#
######### #.#.##.#
... ...# .##.##.#
#. ..


You could see the friendly Aahotepre the battlemage.

Vanquished Creatures
  A water moccasin (D:5)
  2 hounds (D:4)
  An iguana (D:4)
  A sleepcap (D:4)
  3 orc wizards
  2 adders (D:4)
  An ufetubus (D:4)
  A worm (D:3)
  2 dart slugs
  5 orcs
  7 endoplasms
  3 giant cockroaches
  5 goblins
  6 hobgoblins
  2 jackals (D:3)
  5 quokkas
  9 ball pythons
  6 bats
  A frilled lizard (D:3)
  6 kobolds
  5 rats
74 creatures vanquished.

Vanquished Creatures (collateral kills)
  A jelly (D:5)
  2 iguanas (D:5)
  An adder (D:5)
  An orc (D:5)
5 creatures vanquished.

Vanquished Creatures (others)
  An ancestor (D:4)
1 creature vanquished.

Grand Total: 80 creatures vanquished

Notes
Turn   | Place    | Note
-------+----------+-------------------------------------------
     0 | D:1      | runemasterragnar the Demonspawn Fighter began the quest for
                  | the Orb.
     0 | D:1      | Reached XP level 1. HP: 18/18 MP: 1/1
   229 | D:1      | Gained mutation: You sometimes gain a little power by
                  | taking damage. [demonic ancestry]
   229 | D:1      | Reached XP level 2. HP: 21/24 MP: 2/2
   712 | D:2      | Gained mutation: Your demonic aura sometimes causes spilled
                  | blood to erupt in flames. [demonic ancestry]
   712 | D:2      | Reached XP level 3. HP: 28/29 MP: 3/3
  1034 | D:2      | Found a hazy altar of Hepliaklqana.
  1231 | D:2      | Became a worshipper of Hepliaklqana the Forgotten
  1620 | D:3      | Reached XP level 4. HP: 36/36 MP: 4/4
  1993 | D:4      | Found a hide-covered altar of Uskayaw.
  2273 | D:4      | Gained mutation: You have a somewhat thin skeletal
                  | structure. (Dex +2, Stealth+) [demonic ancestry]
  2273 | D:4      | Reached XP level 5. HP: 15/42 MP: 5/5
  2400 | D:4      | Reached * piety under Hepliaklqana
  2468 | D:4      | Found a broken altar of Ashenzari.
  2529 | D:4      | Reached skill level 1 in Invocations
  2967 | D:4      | Reached XP level 6. HP: 43/43 MP: 7/7
  3183 | D:5      | Entered Level 5 of the Dungeon
  3183 | D:5      | Reached ** piety under Hepliaklqana
  3184 | D:5      | Remembered your ancestor Aahotepre as a battlemage
  3287 | D:5      | Noticed a water moccasin
  3298 | D:5      | Killed a water moccasin
  3302 | D:5      | HP: 2/44 [poisoned by a water moccasin]
  3303 | D:5      | Succumbed to a water moccasin's poison

Illustrated notes

Levels and vault maps discovered:
D:1:      heliophobic_arrival_glass_houses, layout_basic
D:2:      layout_rooms, basic_altar
D:3:      layout_loops_ring
D:4:      layout_gridville, mainiacjoe_overflow_tiny_flanked,
          nicolae_ashenzari_skybound, roderic_lattice_a
D:5:      minmay_spotlight, layout_loops_cross,
          yredelemnul_forgotten_temple_becter, hangedman_decor_growths,
          uniq_duvessa

Skill      XL: |  1  2  3  4  5  6 |
---------------+-------------------+-----
Long Blades    | 2 3 |  3.9
Armour         | 3 4 |  4.0
Shields        | 3 4 |  4.0
Fighting       | 4 |  4.4
Invocations    | 1 2 |  2.4

Action                     |  1- 3 |  4- 6 || total
---------------------------+-------+-------++-------
  Melee: Long sword        |   122 |   105 ||   227
 Invoke: Ancestor Life: Ba |       |     1 ||     1
    Use: Potion            |       |     5 ||     5
   Stab: Sleeping          |       |     2 ||     2
         Distracted        |       |     1 ||     1
 Armour: Scale mail        |    60 |    55 ||   115
  Dodge: Dodged            |    56 |    56 ||   112
  Block: Buckler           |    36 |    26 ||    62

Table legend: (Time is in decaauts)
 A = Elapsed time spent in this place.
 B = Non-inter-level travel time spent in this place.
 C = Inter-level travel time spent in this place.
 D = Time resting spent in this place.
 E = Time spent auto-exploring this place.
 F = Levels seen in this place.
 G = Mean time per level.
                   A        B        C        D        E       F      G
               +--------+--------+--------+--------+--------+-----+--------+
         Total |   3371 |   3181 |    190 |    194 |   2332 |   5 |  674.2 |
       Dungeon |   3371 |   3181 |    190 |    194 |   2332 |   5 |  674.2 |
               +--------+--------+--------+--------+--------+-----+--------+

Top non-repeatable levels by time:
     D:4: 1026 daAuts
     D:3: 856 daAuts
     D:1: 729 daAuts
     D:2: 637 daAuts
     D:5: 121 daAuts
